[Event "FIDE Grand Swiss 2023"]
[Site "Villa Marina, Douglas, Isle of Man"]
[Date "2023.11.03"]
[Round "9.3"]
[White "Nakamura, Hikaru"]
[Black "Cheparinov, Ivan"]
[Result "1-0"]
[WhiteElo "2780"]
[BlackElo "2658"]
[EventDate "2023.10.25"]
[ECO "C42"]
[PlyCount "121"]
[BlackFideId "2905540"]
[TimeControl "40/100 + 20/50 + 15 + 30s/move"]
[WhiteFideId "2016192"]

1.e4 e5 2.Nf3 Nf6 3.Nxe5 d6 4.Nf3 Nxe4 5.c4 Be7 6.d4 d5 7.Bd3 Bb4+ 8.Nbd2 O-O 9.O-O Bf5 10.Nb3 dxc4 11.Bxc4 Nd7 12.a3 Be7 13.Bd3 Bg6 14.Re1 Nd6 15.Bxg6 hxg6 16.Na5 Nb6 17.Bf4 Nf5 18.Nxb7 Qd5 19.Nc5 Bd6 20.Bxd6 cxd6 21.Ne4 Rfe8 22.Qd3 Na4 23.b3 Nc5 24.Nxc5 dxc5 25.Rxe8+ Rxe8 26.Qb5 Rc8 27.dxc5 Qxc5 28.Qxc5 Rxc5 29.Rd1 f6 30.g4 Nh6 31.Rd8+ Kh7 32.Rd4 Rc3 33.Nd2 Nf7 34.h4 g5 35.hxg5 Nxg5 36.Kg2 a5 37.f3 Ne6 38.Rd6 Nf4+ 39.Kf1 Nd3 40.a4 Nc1 41.Rb6 Re3 42.Rb5 Nd3 43.Nc4 Re1+ 44.Kg2 g5 45.Rb7+ Kg6 46.Rd7 Nc5 47.Kf2 Rc1 48.Ra7 Nxb3 49.Ne3 Nd4 50.Rxa5 Ra1 51.Nc4 Nb3 52.Ra7 Nc5 53.a5 Nd3+ 54.Ke3 Ne5 55.Nxe5+ fxe5 56.Ra6+ Kf7 57.Ke4 Ra3 58.Kxe5 Rxf3 59.Rd6 Ra3 60.a6 Ra5+ 61.Kd4 1-0

[Event "FIDE Grand Swiss 2023"]
[Site "Villa Marina, Douglas, Isle of Man"]
[Date "2023.11.03"]
[Round "9.4"]
[White "Fedoseev, Vladimir"]
[Black "Erigaisi, Arjun"]
[Result "1/2-1/2"]
[WhiteElo "2691"]
[BlackElo "2712"]
[EventDate "2023.10.25"]
[ECO "C11"]
[PlyCount "90"]
[BlackClock "00:44:14"]
[BlackFideId "35009192"]
[TimeControl "40/100 + 20/50 + 15 + 30s/move"]
[WhiteClock "00:38:22"]
[WhiteFideId "24130737"]

1.e4 e6 2.d4 d5 3.Nc3 Nf6 4.e5 Nfd7 5.f4 c5 6.Nf3 Nc6 7.Be3 Be7 8.a3 O-O 9.Qd2 a6 10.dxc5 Nxc5 11.Rd1 b5 12.b4 Nd7 13.Bd3 Bb7 14.O-O a5 15.Nxb5 axb4 16.axb4 Nxb4 17.Be2 Qa5 18.c3 Nc6 19.c4 Qxd2 20.Rxd2 Bb4 21.Rb2 dxc4 22.Bxc4 Bc5 23.Bxc5 Nxc5 24.Rc1 Ne7 25.Nfd4 Ba6 26.Be2 Na4 27.Rbb1 Bxb5 28.Nxb5 Rab8 29.Ra1 Nb6 30.g3 Nbd5 31.Nd6 g6 32.Bf3 Rb3 33.Kg2 Rb2+ 34.Kh3 Rb3 35.Rf1 Rd3 36.Be4 Re3 37.Rf2 Nc3 38.Bc2 Rb8 39.Ra7 Nc8 40.Rb7 Rxb7 41.Nxb7 Kf8 42.Nc5 Nb6 43.Kg2 Ncd5 44.Bd3 Re1 45.Rb2 Kg7 1/2-1/2

[Event "FIDE Grand Swiss 2023"]
[Site "Villa Marina, Douglas, Isle of Man"]
[Date "2023.11.03"]
[Round "9.5"]
[White "Maghsoodloo, Parham"]
[Black "Sarana, Alexey"]
[Result "1-0"]
[WhiteElo "2707"]
[BlackElo "2682"]
[EventDate "2023.10.25"]
[ECO "E49"]
[PlyCount "123"]
[BlackFideId "24133795"]
[TimeControl "40/100 + 20/50 + 15 + 30s/move"]
[WhiteFideId "12539929"]

1.d4 Nf6 2.c4 e6 3.Nc3 Bb4 4.e3 O-O 5.Bd3 d5 6.a3 Bxc3+ 7.bxc3 dxc4 8.Bxc4 c5 9.Nf3 Qc7 10.Be2 b6 11.Bb2 Bb7 12.O-O Nc6 13.c4 Rfd8 14.Rc1 Ne7 15.Ne5 Ng6 16.Nxg6 hxg6 17.Qb3 Bc6 18.Rfd1 Qb7 19.f3 Qa6 20.Rd2 cxd4 21.exd4 Qa5 22.Bc3 Qg5 23.Qd1 Rac8 24.Bf1 Bb7 25.a4 Rc7 26.a5 Ba6 27.axb6 axb6 28.Rdc2 Qf4 29.Qe1 Qf5 30.Bb2 Rdc8 31.Qe3 Qh5 32.Qa3 Bb7 33.Qb3 Qg5 34.Re1 Nd7 35.Bc1 Qf6 36.Be3 Ra8 37.Ra2 Rcc8 38.Rea1 Qd8 39.Qb4 Rxa2 40.Rxa2 Ra8 41.Rxa8 Qxa8 42.Qd6 Qc8 43.Bf4 Bc6 44.h4 Qa8 45.Kh2 Ba4 46.Bd2 Bc6 47.Qc7 Kh8 48.Kg3 Kg8 49.Bg5 f6 50.Bf4 Ba4 51.Bd3 Kf7 52.Be4 Qa5 53.c5 e5 54.c6 exf4+ 55.Kh2 Qh5 56.Qxd7+ Kg8 57.Qe6+ Kh7 58.Qg4 Qxg4 59.fxg4 Kg8 60.c7 Bd7 61.Bxg6 Bxg4 62.d5 1-0

[Event "FIDE Grand Swiss 2023"]
[Site "Villa Marina, Douglas, Isle of Man"]
[Date "2023.11.03"]
[Round "9.6"]
[White "Kuzubov, Yuriy"]
[Black "Sevian, Samuel"]
[Result "1/2-1/2"]
[WhiteElo "2625"]
[BlackElo "2698"]
[EventDate "2023.10.25"]
[ECO "D38"]
[PlyCount "121"]
[BlackFideId "2040506"]
[TimeControl "40/100 + 20/50 + 15 + 30s/move"]
[WhiteFideId "14112906"]

1.d4 Nf6 2.c4 e6 3.Nf3 d5 4.Nc3 Bb4 5.Bg5 h6 6.Bxf6 Qxf6 7.e3 O-O 8.Rc1 dxc4 9.Bxc4 c5 10.dxc5 Nd7 11.c6 bxc6 12.O-O Ne5 13.Nxe5 Qxe5 14.Qc2 Rb8 15.Rfd1 Be7 16.b3 Bb7 17.Bf1 Rfd8 18.g3 c5 19.Bg2 Ba6 20.h4 Rxd1+ 21.Rxd1 Rd8 22.Rxd8+ Bxd8 23.Bf1 Bf6 24.Bxa6 Qxc3 25.Qe4 g6 26.Qa8+ Kg7 27.Qxa7 Qa5 28.a4 c4 29.bxc4 Qxa4 30.Qb7 Qa3 31.Bb5 h5 32.Kg2 Qc5 33.Be8 Be7 34.Qf3 Bf6 35.Bb5 Be7 36.Qe4 Bf6 37.Ba4 Be7 38.Bc2 Bf6 39.Kf3 Qc7 40.Ke2 Qc5 41.Qd3 Qb4 42.Bb3 Be7 43.Qc2 Qa3 44.Ba4 Qb4 45.Bc6 Bf6 46.Be4 Be7 47.Bd3 Bd6 48.Qa2 Be7 49.Qa7 Qc5 50.Qb7 Qb4 51.Qb5 Qa3 52.Be4 Qc3 53.Kf3 Qf6+ 54.Kg2 Qc3 55.Qe8 Qxc4 56.Bxg6 Kxg6 57.Qxe7 Qe4+ 58.Kf1 Qb1+ 59.Kg2 Qe4+ 60.Kh2 Qf5 61.Kg2 1/2-1/2

[Event "FIDE Grand Swiss 2023"]
[Site "Villa Marina, Douglas, Isle of Man"]
[Date "2023.11.03"]
[Round "9.7"]
[White "Bacrot, Etienne"]
[Black "Predke, Alexandr"]
[Result "1/2-1/2"]
[WhiteElo "2669"]
[BlackElo "2656"]
[EventDate "2023.10.25"]
[ECO "B33"]
[PlyCount "50"]
[BlackFideId "24107581"]
[TimeControl "40/100 + 20/50 + 15 + 30s/move"]
[WhiteFideId "605506"]

1.e4 c5 2.Nf3 e6 3.d4 cxd4 4.Nxd4 Nf6 5.Nc3 Nc6 6.Ndb5 d6 7.Bf4 e5 8.Bg5 a6 9.Na3 b5 10.Nd5 Be7 11.Bxf6 Bxf6 12.c3 O-O 13.Nc2 Bg5 14.a4 bxa4 15.Rxa4 Kh8 16.Bc4 f5 17.exf5 Bxf5 18.O-O a5 19.b3 Rb8 20.Ra2 Qd7 21.Qe2 Bg4 22.Qe4 Bf5 23.Qe2 Bg4 24.Qe4 Bf5 25.Qe2 Bg4 1/2-1/2

[Event "FIDE Grand Swiss 2023"]
[Site "Villa Marina, Douglas, Isle of Man"]
[Date "2023.11.03"]
[Round "9.8"]
[White "Wojtaszek, Radoslaw"]
[Black "Aronian, Levon"]
[Result "1/2-1/2"]
[WhiteElo "2668"]
[BlackElo "2742"]
[EventDate "2023.10.25"]
[ECO "E10"]
[PlyCount "131"]
[BlackFideId "13300474"]
[TimeControl "40/100 + 20/50 + 15 + 30s/move"]
[WhiteFideId "1118358"]

1.d4 Nf6 2.c4 e6 3.Nf3 d5 4.g3 Be7 5.Bg2 O-O 6.Nc3 Nc6 7.Ne5 Nxe5 8.dxe5 Nd7 9.cxd5 Nxe5 10.O-O exd5 11.Nxd5 Bd6 12.b3 c6 13.Ne3 Bc5 14.Qc2 Bd4 15.Bb2 Bxb2 16.Qxb2 Qf6 17.Qc2 Ng4 18.Nc4 Rd8 19.h3 Ne5 20.Ne3 Be6 21.f4 Nd7 22.Rad1 Nb6 23.Qc5 Re8 24.Rd2 Qe7 25.Qxe7 Rxe7 26.Rfd1 Rae8 27.Rd8 Kf8 28.Kf2 a5 29.R1d4 Rxd8 30.Rxd8+ Re8 31.Rd4 g6 32.Nd1 Nd5 33.e4 Nb4 34.Nc3 f6 35.h4 Ke7 36.Bf1 b5 37.Rd2 Na6 38.Ke3 Nc5 39.Rc2 b4 40.Nb5 Nxe4 41.Nc7 Nxg3 42.Nxe8 Nxf1+ 43.Kf2 Kxe8 44.Kxf1 Kd7 45.Ke2 Kd6 46.Ke3 c5 47.Rd2+ Kc6 48.Kd3 h6 49.Kc2 g5 50.fxg5 fxg5 51.hxg5 hxg5 52.Rh2 g4 53.Rh5 a4 54.Rg5 axb3+ 55.axb3 Kd6 56.Kb2 Ke7 57.Rxc5 Kf6 58.Kc2 g3 59.Kd2 g2 60.Rc1 Bxb3 61.Ke3 Bc2 62.Rg1 b3 63.Kd2 Be4 64.Kc3 Bd5 65.Rxg2 Bxg2 66.Kxb3 ( 
66.Kxb3 Ke5 ) 1/2-1/2

[Event "FIDE Grand Swiss 2023"]
[Site "Villa Marina, Douglas, Isle of Man"]
[Date "2023.11.03"]
[Round "9.9"]
[White "Sindarov, Javokhir"]
[Black "Vachier-Lagrave, Maxime"]
[Result "1/2-1/2"]
[WhiteElo "2658"]
[BlackElo "2727"]
[EventDate "2023.10.25"]
[ECO "B50"]
[PlyCount "65"]
[BlackClock "00:12:55"]
[BlackFideId "623539"]
[TimeControl "40/100 + 20/50 + 15 + 30s/move"]
[WhiteClock "00:11:15"]
[WhiteFideId "14205483"]

1.e4 c5 2.Nf3 d6 3.Nc3 Nf6 4.Bb5+ Bd7 5.Qe2 g6 6.e5 dxe5 7.Qxe5 Nc6 8.Qxc5 e6 9.Qc4 a6 10.Bxc6 Bxc6 11.Qe2 Nd5 12.Ne5 Nxc3 13.bxc3 Bxg2 14.Rg1 Bc6 15.Nxc6 bxc6 16.Qe5 Rg8 17.Rb1 Bg7 18.Qe4 Qd5 19.Rg4 Be5 20.Rb7 f5 21.Qxd5 cxd5 22.Ra4 Rg7 23.Rb6 Kd7 24.d4 Bc7 25.Rbxa6 Rxa6 26.Rxa6 g5 27.Kf1 h5 28.Kg2 Rg8 29.Ra7 h4 30.h3 Kc6 31.Ra6+ Kd7 32.Ra7 Kc6 33.Ra6+ 1/2-1/2

[Event "FIDE Grand Swiss 2023"]
[Site "Villa Marina, Douglas, Isle of Man"]
[Date "2023.11.03"]
[Round "9.10"]
[White "Keymer, Vincent"]
[Black "Nihal, Sarin"]
[Result "1-0"]
[WhiteElo "2717"]
[BlackElo "2694"]
[EventDate "2023.10.25"]
[ECO "D27"]
[PlyCount "59"]
[BlackFideId "25092340"]
[TimeControl "40/100 + 20/50 + 15 + 30s/move"]
[WhiteFideId "12940690"]

1.d4 d5 2.Nf3 Nf6 3.c4 dxc4 4.e3 e6 5.Bxc4 c5 6.O-O a6 7.Re1 Nc6 8.Nc3 b5 9.Bd3 Bb7 10.a4 b4 11.Ne4 Na5 12.Nxf6+ Qxf6 13.e4 h6 14.Bd2 cxd4 15.e5 Qd8 16.Rc1 Be7 17.h4 Qb6 18.Bf4 Bd5 19.Nxd4 Qxd4 20.Bb5+ axb5 21.Qxd4 bxa4 22.Rc7 Bd8 23.Ra7 Rxa7 24.Qxa7 O-O 25.Bd2 Nc6 26.Qxa4 Be7 27.h5 Rd8 28.Rc1 Bf8 29.Qa6 b3 30.Qb6 1-0

[Event "FIDE Grand Swiss 2023"]
[Site "Villa Marina, Douglas, Isle of Man"]
[Date "2023.11.03"]
[Round "9.11"]
[White "Niemann, Hans Moke"]
[Black "Vitiugov, Nikita"]
[Result "1/2-1/2"]
[WhiteElo "2667"]
[BlackElo "2711"]
[EventDate "2023.10.25"]
[ECO "C50"]
[PlyCount "61"]
[BlackClock "00:39:10"]
[BlackFideId "4152956"]
[TimeControl "40/100 + 20/50 + 15 + 30s/move"]
[WhiteClock "00:24:32"]
[WhiteFideId "2093596"]

1.e4 e5 2.Nf3 Nc6 3.Bc4 Bc5 4.d3 Nf6 5.O-O d6 6.c3 h6 7.Nbd2 O-O 8.Re1 a5 9.Nf1 a4 10.h3 Ra5 11.d4 Bb6 12.b4 axb3 13.Bxb3 d5 14.exd5 Nxd5 15.dxe5 Nxc3 16.Qc2 Nd5 17.Bd2 Rc5 18.Qe4 Nc3 19.Qf4 Qd3 20.Ng3 Qg6 21.Nh4 Qg5 22.Qxg5 hxg5 23.Nf3 g4 24.hxg4 Bxg4 25.Be3 Rb5 26.Bxb6 Rxb6 27.Rac1 Nb5 28.e6 Bxe6 29.Bxe6 fxe6 30.Rxe6 Nd6 31.Re2 1/2-1/2

[Event "FIDE Grand Swiss 2023"]
[Site "Villa Marina, Douglas, Isle of Man"]
[Date "2023.11.03"]
[Round "9.12"]
[White "Firouzja, Alireza"]
[Black "Aravindh, Chithambaram Vr."]
[Result "1/2-1/2"]
[WhiteElo "2777"]
[BlackElo "2649"]
[EventDate "2023.10.25"]
[ECO "D35"]
[PlyCount "112"]
[BlackFideId "5072786"]
[TimeControl "40/100 + 20/50 + 15 + 30s/move"]
[WhiteFideId "12573981"]

1.d4 Nf6 2.c4 e6 3.Nc3 d5 4.cxd5 Nxd5 5.e4 Nxc3 6.bxc3 c5 7.Rb1 Be7 8.Nf3 O-O 9.h4 cxd4 10.cxd4 b6 11.h5 h6 12.Rh3 Nd7 13.e5 Bb7 14.Bd3 Kh8 15.Be3 f5 16.Bc4 Qe8 17.Qb3 Be4 18.Rc1 a5 19.Bd2 a4 20.Qb5 Ba3 21.Rd1 Be7 22.Kf1 Bb7 23.Rc1 Ba6 24.Qb1 Ba3 25.Bxa6 Bxc1 26.Qxc1 Rxa6 27.Bxh6 Qc8 28.Bxg7+ Kxg7 29.Rg3+ Kf7 30.Ng5+ Ke7 31.Rc3 Qb7 32.Qa3+ Ke8 33.Nxe6 b5 34.Rc7 Qb8 35.Qc1 Rxe6 36.Rc8+ Qxc8 37.Qxc8+ Ke7 38.Qc3 Rb6 39.d5 b4 40.Qc4 Nxe5 41.Qc5+ Rd6 42.Qxb4 Nf7 43.Qh4+ Rf6 44.Qxa4 Rd8 45.Qb4+ Ke8 46.Qc3 Rfd6 47.a4 Rxd5 48.a5 Rd1+ 49.Ke2 R1d6 50.g3 Ke7 51.Qf3 Kf6 52.Qc3+ Ke7 53.Qb2 Re6+ 54.Kf1 Rdd6 55.Kg2 Kf8 56.Qc2 Rf6 1/2-1/2

[Event "FIDE Grand Swiss 2023"]
[Site "Villa Marina, Douglas, Isle of Man"]
[Date "2023.11.03"]
[Round "9.13"]
[White "Giri, Anish"]
[Black "Mamedov, Rauf"]
[Result "1-0"]
[WhiteElo "2760"]
[BlackElo "2640"]
[EventDate "2023.10.25"]
[ECO "E90"]
[PlyCount "181"]
[BlackFideId "13401653"]
[TimeControl "40/100 + 20/50 + 15 + 30s/move"]
[WhiteFideId "24116068"]

1.d4 Nf6 2.c4 g6 3.Nc3 Bg7 4.e4 d6 5.Nf3 O-O 6.Bd3 Bg4 7.Be2 c5 8.d5 e6 9.O-O exd5 10.exd5 Re8 11.h3 Bxf3 12.Bxf3 Nbd7 13.Qc2 a6 14.Bf4 Qb6 15.Rae1 Rxe1 16.Rxe1 Re8 17.Rxe8+ Nxe8 18.b3 Qd8 19.Ne4 Qe7 20.g4 Be5 21.Bg5 f6 22.Bd2 Ng7 23.Kg2 f5 24.Ng3 Bxg3 25.fxg3 Ne5 26.Bd1 fxg4 27.hxg4 Ne8 28.Qe4 Nf6 29.Qe3 Kf7 30.g5 Nfd7 31.a4 b6 32.a5 bxa5 33.Bxa5 Ke8 34.Be2 Nf8 35.Bd2 Nfd7 36.Qe4 Kd8 37.Kg1 Ke8 38.Bf1 Nf7 39.Qxe7+ Kxe7 40.Kf2 Nde5 41.Be2 Nd7 42.Ke1 Nb8 43.Kd1 a5 44.Kc2 Na6 45.Kb2 Nb4 46.Ka3 Nc2+ 47.Ka4 Nd4 48.Bd1 Ne5 49.Kxa5 Nd3 50.Bc3 Nf2 51.Bxd4 Nxd1 52.Bg1 Nc3 53.Be3 Kd7 54.b4 Nd1 55.Bg1 Nb2 56.bxc5 Nxc4+ 57.Kb5 Ne5 58.c6+ Kc7 59.Bb6+ Kc8 60.Bd4 Nf3 61.Be3 Kc7 62.Kc4 Ne5+ 63.Kd4 Nf3+ 64.Kc3 Ne5 65.Bd4 Nf7 66.Bf6 Kc8 67.Kb4 Kc7 68.Kb5 h6 69.gxh6 Nxh6 70.Bd4 Nf7 71.Kc4 Kc8 72.Kd3 Kc7 73.Ke4 Kc8 74.Kf4 Kc7 75.Bf6 Kc8 76.g4 Kc7 77.g5 Kc8 78.Ke4 Kc7 79.Kd4 Kb6 80.Kc4 Ka6 81.Kb3 Kb6 82.Kb4 Ka6 83.Bd8 Ne5 84.Bc7 Nf7 85.Kc4 Ne5+ 86.Kc3 Nf7 87.Kb4 Nxg5 88.Bxd6 Nf7 89.Kc5 g5 90.Bg3 g4 91.d6 1-0

[Event "FIDE Grand Swiss 2023"]
[Site "Villa Marina, Douglas, Isle of Man"]
[Date "2023.11.03"]
[Round "9.14"]
[White "Rapport, Richard"]
[Black "Ter-Sahakyan, Samvel"]
[Result "0-1"]
[WhiteElo "2752"]
[BlackElo "2618"]
[EventDate "2023.10.25"]
[ECO "B50"]
[PlyCount "94"]
[BlackClock "00:22:32"]
[BlackFideId "13302531"]
[TimeControl "40/100 + 20/50 + 15 + 30s/move"]
[WhiteClock "00:40:06"]
[WhiteFideId "738590"]

1.e4 c5 2.Nf3 d6 3.Bc4 Nf6 4.d3 e6 5.O-O Be7 6.Nbd2 Nc6 7.a4 O-O 8.Re1 a6 9.c3 Rb8 10.Ba2 d5 11.e5 Nd7 12.d4 b5 13.axb5 axb5 14.Bb1 g6 15.Nf1 b4 16.Ng3 Re8 17.Bf4 bxc3 18.bxc3 cxd4 19.cxd4 Rb4 20.Ne2 Qb6 21.Bd3 Bb7 22.h4 Ra8 23.Rxa8+ Bxa8 24.Bc1 Bb7 25.Ba3 Rb3 26.Bxe7 Nxe7 27.h5 Qb4 28.Qc2 Bc6 29.Ra1 Ra3 30.Rb1 Qa5 31.Nf4 Qc3 32.Qd1 Ba4 33.Qf1 Nc6 34.hxg6 hxg6 35.g3 Nxd4 36.Ng5 Nf8 37.Rc1 Bc2 38.Bxc2 Nxc2 39.Qb5 Qxe5 40.Nxf7 Kxf7 41.Rxc2 Ra1+ 42.Kh2 Qe1 43.Rc7+ Kg8 44.Kh3 Qe5 45.Rc8 Qf5+ 46.Kh2 g5 47.Qb2 Rb1 0-1

[Event "FIDE Grand Swiss 2023"]
[Site "Villa Marina, Douglas, Isle of Man"]
[Date "2023.11.03"]
[Round "9.15"]
[White "Praggnanandhaa, R"]
[Black "Jumabayev, Rinat"]
[Result "1-0"]
[WhiteElo "2738"]
[BlackElo "2585"]
[EventDate "2023.10.25"]
[ECO "D43"]
[PlyCount "103"]
[BlackFideId "13702661"]
[TimeControl "40/100 + 20/50 + 15 + 30s/move"]
[WhiteFideId "25059530"]

1.d4 Nf6 2.c4 e6 3.Nf3 d5 4.Nc3 c6 5.Bg5 Nbd7 6.cxd5 exd5 7.e3 Be7 8.Bd3 h6 9.Bf4 Nh5 10.Be5 Nxe5 11.Nxe5 Nf6 12.f4 Nd7 13.O-O Nxe5 14.fxe5 Bg5 15.Kh1 Be6 16.Qd2 Qe7 17.Ne2 O-O 18.Bc2 c5 19.Nf4 cxd4 20.exd4 Rac8 21.Rf2 Rc6 22.Raf1 Rfc8 23.Qd3 g6 24.Nxe6 Qxe6 25.Bd1 R8c7 26.Qg3 Rc1 27.h4 Bd8 28.Kh2 Kg7 29.Rf4 a6 30.Qe3 h5 31.Bg4 Qc6 32.Bd7 Rxf1 33.Bxc6 Rxf4 34.Qxf4 bxc6 35.Kh3 Rb7 36.b3 Be7 37.g4 hxg4+ 38.Qxg4 Rb4 39.h5 c5 40.hxg6 Rxd4 41.Qd7 Rh4+ 42.Kg3 Rh6 43.Qxe7 Rxg6+ 44.Kf4 c4 45.Qc5 cxb3 46.axb3 Re6 47.Qxd5 Rh6 48.Ke4 Rh1 49.Qc5 Rh6 50.Kd5 Re6 51.Kc4 Kg6 52.Qc7 1-0

[Event "FIDE Grand Swiss 2023"]
[Site "Villa Marina, Douglas, Isle of Man"]
[Date "2023.11.03"]
[Round "9.16"]
[White "Duda, Jan-Krzysztof"]
[Black "Zhalmakhanov, Ramazan"]
[Result "1-0"]
[WhiteElo "2726"]
[BlackElo "2447"]
[EventDate "2023.10.25"]
[ECO "C50"]
[PlyCount "49"]
[BlackFideId "13706357"]
[TimeControl "40/100 + 20/50 + 15 + 30s/move"]
[WhiteFideId "1170546"]

1.e4 e5 2.Nf3 Nc6 3.Bc4 Bc5 4.O-O Nf6 5.d3 h6 6.c3 O-O 7.Re1 d6 8.Nbd2 a5 9.Nf1 Bb6 10.Ng3 Ne7 11.Bb3 Ng6 12.h3 c5 13.Nf5 d5 14.Ng3 Bc7 15.exd5 Nxd5 16.d4 cxd4 17.cxd4 Ndf4 18.Nxe5 Bxe5 19.dxe5 Nd3 20.Re4 Ndxe5 21.Qe2 Qd6 22.Be3 Qd3 23.Qh5 Qb5 24.Ba4 Qd5 25.f4 1-0

[Event "FIDE Grand Swiss 2023"]
[Site "Villa Marina, Douglas, Isle of Man"]
[Date "2023.11.03"]
[Round "9.17"]
[White "Saric, Ivan"]
[Black "Yu, Yangyi"]
[Result "1/2-1/2"]
[WhiteElo "2647"]
[BlackElo "2720"]
[EventDate "2023.10.25"]
[ECO "C42"]
[PlyCount "84"]
[BlackClock "00:30:50"]
[BlackFideId "8603820"]
[TimeControl "40/100 + 20/50 + 15 + 30s/move"]
[WhiteClock "00:15:46"]
[WhiteFideId "14508150"]

1.e4 e5 2.Nf3 Nf6 3.Nxe5 d6 4.Nf3 Nxe4 5.d4 d5 6.Bd3 Nc6 7.O-O Be7 8.Nbd2 Bf5 9.Re1 Nxd2 10.Qxd2 Bg6 11.Nh4 Bxd3 12.Qxd3 O-O 13.Nf5 Bf6 14.Bf4 Re8 15.Rxe8+ Qxe8 16.c3 Qd7 17.Re1 Ne7 18.Ng3 Ng6 19.Nh5 Be7 20.h3 Nxf4 21.Nxf4 c6 22.Qe2 Bd6 23.Nd3 h6 24.h4 Rd8 25.g3 Kf8 26.Kg2 Re8 27.Qxe8+ Qxe8 28.Rxe8+ Kxe8 29.h5 Ke7 30.f4 g6 31.Kh3 Ke6 32.Kg4 Be7 33.hxg6 fxg6 34.Kf3 Bd6 35.g4 Kf6 36.a4 a5 37.Nf2 b5 38.axb5 cxb5 39.Nd1 Ke6 40.Ne3 Be7 41.Nc2 a4 42.Nb4 Bxb4 1/2-1/2

[Event "FIDE Grand Swiss 2023"]
[Site "Villa Marina, Douglas, Isle of Man"]
[Date "2023.11.03"]
[Round "9.18"]
[White "Gledura, Benjamin"]
[Black "Abdusattorov, Nodirbek"]
[Result "0-1"]
[WhiteElo "2633"]
[BlackElo "2716"]
[EventDate "2023.10.25"]
[ECO "D34"]
[PlyCount "80"]
[BlackFideId "14204118"]
[TimeControl "40/100 + 20/50 + 15 + 30s/move"]
[WhiteFideId "712779"]

1.d4 d5 2.c4 e6 3.Nc3 c5 4.cxd5 exd5 5.Nf3 Nf6 6.g3 Nc6 7.Bg2 Be7 8.O-O O-O 9.dxc5 Bxc5 10.e3 b6 11.a3 a5 12.Qa4 Bd7 13.Qc2 Rc8 14.Rd1 Be6 15.Ng5 h6 16.Nxe6 fxe6 17.Bd2 Ng4 18.Be1 Qg5 19.Qe2 Nce5 20.Rab1 Kh8 21.b4 axb4 22.axb4 Nxf2 23.bxc5 Nxd1 24.Nxd1 bxc5 25.Bc3 Rb8 26.Ra1 Rb3 27.Qc2 c4 28.Ra7 Rfb8 29.Bf1 d4 30.exd4 Nf3+ 31.Kh1 Rb1 32.Ra1 Rxa1 33.Bxa1 Qh5 34.h3 Ne1 35.Qe2 Qd5+ 36.Kg1 Nf3+ 37.Kf2 Rf8 38.Bg2 c3 39.Ne3 Nxd4+ 40.Ke1 Qa5 0-1

[Event "FIDE Grand Swiss 2023"]
[Site "Villa Marina, Douglas, Isle of Man"]
[Date "2023.11.03"]
[Round "9.19"]
[White "Shankland, Sam"]
[Black "Yakubboev, Nodirbek"]
[Result "0-1"]
[WhiteElo "2698"]
[BlackElo "2616"]
[EventDate "2023.10.25"]
[ECO "D02"]
[PlyCount "72"]
[BlackClock "00:07:26"]
[BlackFideId "14203987"]
[TimeControl "40/100 + 20/50 + 15 + 30s/move"]
[WhiteClock "00:25:07"]
[WhiteFideId "2004887"]

1.d4 Nf6 2.Nf3 d5 3.Bf4 c5 4.e3 Nc6 5.Nbd2 e6 6.c3 cxd4 7.exd4 Nh5 8.Be3 Bd6 9.Bb5 Nf4 10.O-O a6 11.Bxc6+ bxc6 12.Ne5 Ng6 13.Qh5 O-O 14.b4 Qe8 15.Nb3 f6 16.Nxg6 hxg6 17.Qd1 e5 18.Qd2 e4 19.Bf4 Be7 20.h4 g5 21.hxg5 fxg5 22.Bxg5 Bd6 23.f4 Bg4 24.f5 Qh5 25.Bf4 Be7 26.Na5 Rac8 27.Nb7 Rxf5 28.Nd6 Bxd6 29.Bxd6 Bf3 30.Bh2 Rg5 31.Rf2 Re8 32.Re1 e3 33.Rxe3 Rxe3 34.Qxe3 Bxg2 35.Qd2 Bh3+ 36.Kh1 Bf5 0-1

[Event "FIDE Grand Swiss 2023"]
[Site "Villa Marina, Douglas, Isle of Man"]
[Date "2023.11.03"]
[Round "9.20"]
[White "Najer, Evgeniy"]
[Black "Artemiev, Vladislav"]
[Result "1/2-1/2"]
[WhiteElo "2648"]
[BlackElo "2697"]
[EventDate "2023.10.25"]
[ECO "C77"]
[PlyCount "60"]
[BlackClock "00:17:00"]
[BlackFideId "24101605"]
[TimeControl "40/100 + 20/50 + 15 + 30s/move"]
[WhiteClock "00:16:48"]
[WhiteFideId "4118987"]

1.e4 e5 2.Nf3 Nc6 3.Bb5 a6 4.Ba4 Nf6 5.d3 b5 6.Bb3 Be7 7.a4 Rb8 8.axb5 axb5 9.O-O O-O 10.h3 d6 11.Bd2 h6 12.Nc3 Re8 13.Nd5 Bf8 14.Nxf6+ Qxf6 15.Be3 Be6 16.c3 Ne7 17.d4 Bxb3 18.Qxb3 exd4 19.cxd4 Ng6 20.Rfc1 c5 21.e5 Qf5 22.dxc5 dxc5 23.Bxc5 Bxc5 24.Rxc5 Nxe5 25.Nxe5 Rxe5 26.Rxe5 Qxe5 27.Qc3 Qxc3 28.bxc3 Rc8 29.Ra5 Rxc3 30.Rxb5 g6 1/2-1/2

[Event "FIDE Grand Swiss 2023"]
[Site "Villa Marina, Douglas, Isle of Man"]
[Date "2023.11.03"]
[Round "9.21"]
[White "Svane, Frederik"]
[Black "Korobov, Anton"]
[Result "0-1"]
[WhiteElo "2626"]
[BlackElo "2658"]
[EventDate "2023.10.25"]
[ECO "C02"]
[PlyCount "94"]
[BlackClock "00:46:38"]
[BlackFideId "14105730"]
[TimeControl "40/100 + 20/50 + 15 + 30s/move"]
[WhiteClock "00:45:18"]
[WhiteFideId "12923044"]

1.e4 e6 2.d4 d5 3.e5 c5 4.c3 Nc6 5.Nf3 Bd7 6.Be2 Nge7 7.Na3 cxd4 8.cxd4 Nf5 9.O-O Qb6 10.Nc2 Rc8 11.Kh1 Na5 12.Rb1 Bb5 13.Bxb5+ Qxb5 14.Bd2 Nc4 15.Bc3 h5 16.Nd2 Nxd2 17.Qxd2 Be7 18.a3 Rc6 19.Kg1 Kd7 20.h3 h4 21.Kh2 Qb3 22.g4 hxg3+ 23.fxg3 f6 24.Rbe1 a5 25.Rf3 Nh6 26.Kg2 Nf7 27.h4 f5 28.Ne3 Qb5 29.Qc2 g6 30.a4 Qa6 31.Qb3 Qb6 32.Qa2 Rd8 33.Nxd5 exd5 34.Qxd5+ Ke8 35.Qa2 Rxd4 36.h5 Rg4 37.Rh1 Rcc4 38.h6 Qc6 39.h7 Rxg3+ 40.Kxg3 Rg4+ 41.Kh2 Rh4+ 42.Kg2 Rxh1 43.Kxh1 Qxf3+ 44.Kh2 Qh5+ 45.Kg2 Qxh7 46.Qd5 Ng5 47.Kg1 Nh3+ 0-1

[Event "FIDE Grand Swiss 2023"]
[Site "Villa Marina, Douglas, Isle of Man"]
[Date "2023.11.02"]
[Round "9.22"]
[White "Shirov, Alexei"]
[Black "Yilmaz, Mustafa"]
[Result "1/2-1/2"]
[WhiteElo "2655"]
[BlackElo "2640"]
[EventDate "2023.10.25"]
[ECO "C84"]
[PlyCount "31"]
[BlackFideId "6302718"]
[TimeControl "40/100 + 20/50 + 15 + 30s/move"]
[WhiteFideId "2209390"]

1.e4 e5 2.Nf3 Nc6 3.Bb5 a6 4.Ba4 Nf6 5.O-O Be7 6.d3 b5 7.Bb3 d6 8.a4 Bd7 9.Be3 O-O 10.axb5 axb5 11.Nc3 Rxa1 12.Qxa1 Nb4 13.Na2 Nc6 14.Nc3 Nb4 15.Na2 Nc6 16.Nc3 1/2-1/2

[Event "FIDE Grand Swiss 2023"]
[Site "Villa Marina, Douglas, Isle of Man"]
[Date "2023.11.03"]
[Round "9.23"]
[White "Sargsyan, Shant"]
[Black "Anton Guijarro, David"]
[Result "0-1"]
[WhiteElo "2631"]
[BlackElo "2653"]
[EventDate "2023.10.25"]
[ECO "D30"]
[PlyCount "140"]
[BlackClock "00:02:00"]
[BlackFideId "2285525"]
[TimeControl "40/100 + 20/50 + 15 + 30s/move"]
[WhiteClock "00:00:20"]
[WhiteFideId "13306766"]

1.d4 d5 2.c4 e6 3.Nf3 dxc4 4.Qa4+ Nd7 5.e4 c5 6.Bxc4 cxd4 7.O-O Bc5 8.b4 Bd6 9.Na3 Bb8 10.Bg5 Ne7 11.Nxd4 h6 12.Bh4 g5 13.Bg3 Qb6 14.Bb5 O-O 15.Nf3 Bxg3 16.hxg3 Nf6 17.Nc4 Qc7 18.e5 Nfd5 19.Rac1 Ng6 20.Rfe1 Qe7 21.a3 Rd8 22.Nd6 Bd7 23.Bxd7 Qxd7 24.Qxd7 Rxd7 25.Ne4 Kg7 26.Nc5 Re7 27.Nd4 a5 28.b5 a4 29.Re4 Kh7 30.Ne2 Nb6 31.Rc3 Ra5 32.f4 Rxb5 33.Nxa4 Nd5 34.Rc8 Rb3 35.Nac3 Nxc3 36.Rxc3 Rb2 37.Nd4 Rd7 38.fxg5 hxg5 39.Nf3 Kh6 40.Kh2 Rb1 41.g4 Nf4 42.Rb4 Rxb4 43.axb4 Nd5 44.Rc8 Nxb4 45.Rh8+ Kg7 46.Rh5 Nd3 47.Rxg5+ Kf8 48.Rh5 Rd5 49.Rh8+ Kg7 50.Rb8 b5 51.Kg3 Nxe5 52.Ne1 Rc5 53.Nf3 Nd3 54.Nd4 b4 55.Kf3 Rc4 56.Ke3 Nc5 57.Rb5 Rc3+ 58.Kf4 b3 59.Ne2 Rc2 60.Nd4 Rc4 61.Ke3 Rc3+ 62.Ke2 f6 63.Nf3 Kg6 64.Nd4 Kf7 65.Nc6 Na4 66.Rb7+ Kg6 67.Nd4 b2 68.Nxe6 Rc1 69.Nf8+ Kg5 70.Rg7+ Kf4 0-1

[Event "FIDE Grand Swiss 2023"]
[Site "Villa Marina, Douglas, Isle of Man"]
[Date "2023.11.03"]
[Round "9.24"]
[White "Petrosyan, Manuel"]
[Black "Xiong, Jeffery"]
[Result "1-0"]
[WhiteElo "2604"]
[BlackElo "2693"]
[EventDate "2023.10.25"]
[ECO "C42"]
[PlyCount "69"]
[BlackClock "00:00:03"]
[BlackFideId "2047640"]
[TimeControl "40/100 + 20/50 + 15 + 30s/move"]
[WhiteClock "00:40:47"]
[WhiteFideId "13300857"]

1.e4 e5 2.Nf3 Nf6 3.Nxe5 d6 4.Nf3 Nxe4 5.d4 d5 6.Bd3 Be7 7.O-O Bf5 8.Re1 O-O 9.c4 Nc6 10.cxd5 Qxd5 11.Nc3 Nxc3 12.bxc3 Bxd3 13.Qxd3 Rae8 14.Rb1 b6 15.Bf4 Bd6 16.Ng5 f5 17.Bxd6 cxd6 18.h4 h6 19.Nh3 Re4 20.f3 Rxh4 21.Qb5 Qxb5 22.Rxb5 Kh7 23.Rd5 Rf6 24.Nf2 Na5 25.g3 Rg6 26.Kg2 f4 27.Ng4 Rhxg4 28.fxg4 Rxg4 29.Kf3 Rxg3+ 30.Kxf4 Rxc3 31.Rxd6 Rc7 32.Rde6 Rf7+ 33.Ke4 Rf2 34.Kd5 Rxa2 35.Rg1 1-0